 Dungeon Crawl Stone Soup version 0.31.0-9-g3a7656b989 (webtiles) character file.

Game seed: 7753678420453452174

2066 Bnni the Slicer (level 9, -4/49 HPs)
             Began as a Vine Stalker Fighter on Jan 28, 2024.
             Slain by an acid dragon (8 damage)
             ... on level 6 of the Dungeon.
             The game lasted 00:09:11 (4401 turns).

Bnni the Slicer (Vine Stalker Fighter)              Turns: 4401, Time: 00:09:11

Health: -4/49      AC:  4    Str: 19    XL:     9   Next: 26%
Magic:  0/10       EV:  7    Int:  8    God:
Gold:   382        SH:  5    Dex: 18    Spells: 8/8 levels left

rFire   + . .        u - +5 dagger "Qar Qus" {flame, rF+}
rCold   . . .        c - +0 buckler
rNeg    . . .        n - +0 chain mail
rPois   .            (no helmet)
rElec   .            e - +0 cloak
rCorr   .            (no gloves)
SInv    .            y - +1 pair of boots
Will    ++...        (no amulet) Stlth
                     z - ring of willpower
HPRegen 1.08/turn    (no ring)
MPRegen 0.12/turn

%: guardian spirit
@: corroded
A: fangs 3, regeneration 1, magic shield, antimagic bite, no potion heal 2
a: no special abilities


You were on level 6 of the Dungeon.
You visited 2 branches of the dungeon, and saw 7 of its levels.

You collected 382 gold pieces.

Inventory:

Hand Weapons
 g - a +2 dagger of venom
 m - a +2 dagger of draining
 u - the +5 dagger "Qar Qus" (weapon) {flame, rF+}
   (You took it off a hobgoblin on level 4 of the Dungeon)

   rF+:       It protects you from fire.
Missiles
 C - a throwing net (quivered)
Armour
 c - a +0 buckler (worn)
 e - a +0 cloak (worn)
 n - a +0 chain mail (worn)
 y - a +1 pair of boots (worn)
Jewellery
 z - a ring of willpower (left hand)
Wands
 q - a wand of charming (14)
 v - a wand of roots (17)
Scrolls
 b - a scroll of revelation {unknown}
 f - 2 scrolls of enchant weapon {unknown}
 i - a scroll of vulnerability {unknown}
 k - 2 scrolls of fog {unknown}
 o - 5 scrolls of brand weapon {unknown}
 p - 2 scrolls of teleportation {unknown}
 r - a scroll of silence {unknown}
 s - 2 scrolls of noise {unknown}
 t - 4 scrolls of amnesia {unknown}
 w - a scroll of fear
 x - a scroll of blinking {unknown}
 A - a scroll of enchant armour {unknown}
Potions
 a - a potion of berserk rage
 d - a potion of might
 h - a potion of enlightenment
 j - a potion of ambrosia
 l - 3 potions of curing
 B - a potion of brilliance


   Skills:
 + Level 6.7 Fighting
 * Level 8.7 Short Blades
 - Level 2.4 Armour
 - Level 4.0 Shields


You had 8 spell levels left.
You didn't know any spells.
Your spell library contained the following spells:

 Spells                   Type           Power      Damage    Failure   Level
 Apportation              Tloc           0%         N/A       99%         1
 Call Imp                 Summ           0%         N/A       100%        2
 Ensorcelled Hibernation  Hex/Ice        0%         N/A       100%        2
 Jinxbite                 Hex            0%         N/A       100%        2
 Scorch                   Fire           0%         2d5       100%        2
 Sublimation of Blood     Necr           0%         N/A       100%        2
 Passwall                 Erth           0%         N/A       100%        3
 Swiftness                Air            0%         N/A       100%        3
 Flame Wave               Conj/Fire      0%         2d4       100%        4
 Alistair's Intoxication  Alch           0%         N/A       100%        5
 Summon Cactus Giant      Summ           0%         N/A       100%        6
 Summon Hydra             Summ           0%         N/A       100%        7


Dungeon Overview and Level Annotations

Branches:
Dungeon (6/15)             Temple (1/1) D:5

Altars:
Cheibriados
Dithmenos
Elyvilon
Fedhas
Gozag
Hepliaklqana
Kikubaaqudgha
Nemelex Xobeh
Okawaru
Qazlal
Sif Muna
Trog
Vehumet
Xom
Yredelemnul
The Shining One


Innate Abilities, Weirdness & Mutations

You have razor-sharp teeth.
Your natural rate of healing is unusually fast.
When hurt, damage is shared between your health and your magic reserves.
Your bite disrupts and absorbs the magic of your enemies.
Potions cannot restore your health.


Message History

You hit the acid dragon. You burn the acid dragon.
The acid dragon is severely wounded.
The acid dragon bites you! The acid dragon claws you.
You closely miss the acid dragon. Your bite misses the acid dragon.
The acid dragon is severely wounded.
You hit the acid dragon but do no damage.
You bite the acid dragon, but do no damage.
The acid dragon is severely wounded.
The acid dragon bites you.
The acid dragon claws you but does no damage.
You hit the acid dragon. You burn the acid dragon.
Your bite misses the acid dragon.
The acid dragon is almost dead.
The acid dragon spits acid at you. The splash of acid hits you!
* * * LOW HITPOINT WARNING * * *
The acid corrodes you!
Okay, then.
You hit the acid dragon but do no damage.
Your bite misses the acid dragon.
The acid dragon is almost dead.
Unknown command.
You hit the acid dragon but do no damage.
You bite the acid dragon, but do no damage.
The acid dragon is almost dead.
The acid dragon bites you!
* * * LOW HITPOINT WARNING * * *
The acid dragon claws you but does no damage.
Unknown command.
Okay, then.
Okay, then.
You hit the acid dragon. You burn the acid dragon.
You bite the acid dragon, but do no damage.
The acid dragon is almost dead.
Unknown command.
You hit the acid dragon but do no damage.
Your bite misses the acid dragon.
The acid dragon is almost dead.
The acid dragon bites you!
You die...

####.#.##.##.#######
#....#....##........
#.#######........### #
#....#....##........
##.##.##.#.#...##.##....
#........#......#.######
#..##.##...#...##.# #
#.#.#.#######.###.######
..# #...@D.....#
#....... ##
.#.#########.# ########
#.# ##+## #.# ##...## ##
#.## ##.....## #. #..##
##.....<.## ##.
##...####.........####..
#.>..†..'.........+...[.
##...####.........####..


You could see an acid dragon (catching breath).

Vanquished Creatures
  Pikel (D:5)
  A hornet (D:6)
  Menkaure (D:6)
  Edmund (D:5)
  Duvessa (D:6)
  An orc warrior (D:6)
  A black bear (D:5)
  An ice beast (D:5)
  A phantom (D:5)
  Blork the orc (D:5)
  A scorpion (D:5)
  Dowan (D:6)
  2 bombardier beetles
  A jelly (D:6)
  2 hounds
  An orc priest (D:6)
  2 orc wizards
  Terence (D:3)
  4 gnolls (D:6)
  8 adders
  A shadow imp (D:6)
  A white imp (D:6)
  2 ufetubi (D:6)
  A dart slug (D:1)
  3 ribbon worms
  12 orcs
  3 endoplasms
  5 giant cockroaches
  7 goblins
  12 hobgoblins
  8 jackals
  6 kobolds
  10 ball pythons
  6 bats
  3 frilled lizards
  4 rats
117 creatures vanquished.

Notes
Turn   | Place    | Note
-------+----------+-------------------------------------------
     0 | D:1      | Bnni the Vine Stalker Fighter began the quest for the Orb.
     0 | D:1      | Reached XP level 1. HP: 11/11 MP: 2/2
    32 | D:1      | Reached skill level 2 in Short Blades
    38 | D:1      | Reached XP level 2. HP: 16/16 MP: 3/3
   358 | D:1      | Reached XP level 3. HP: 19/19 MP: 4/4
  1201 | D:3      | Found a faded altar of an unknown god.
  1210 | D:3      | Reached XP level 4. HP: 18/24 MP: 2/5
  1274 | D:3      | Reached skill level 3 in Short Blades
  1330 | D:3      | Reached XP level 5. HP: 28/28 MP: 6/6
  1547 | D:3      | Noticed Terence
  1553 | D:3      | Killed Terence
  1766 | D:3      | Found an iron altar of Okawaru.
  2215 | D:4      | Identified the +5 dagger "Qar Qus" {flame, rF+}
  2679 | D:5      | Entered Level 5 of the Dungeon
  2781 | D:5      | Noticed an ice beast
  2793 | D:5      | Killed an ice beast
  2794 | D:5      | Reached skill level 4 in Short Blades
  2794 | D:5      | Reached XP level 6. HP: 10/33 MP: 0/7
  3028 | D:5      | Noticed Pikel
  3073 | D:5      | Killed Pikel
  3074 | D:5      | Reached skill level 5 in Fighting
  3074 | D:5      | Reached skill level 6 in Short Blades
  3074 | D:5      | Reached XP level 7. HP: 21/39 MP: 4/8
  3123 | D:5      | Found a staircase to the Ecumenical Temple.
  3132 | Temple   | Entered the Ecumenical Temple
  3246 | D:5      | Gained mutation: You have razor-sharp teeth. [Vine Stalker
                  | growth]
  3246 | D:5      | Reached XP level 8. HP: 36/43 MP: 5/9
  3332 | D:5      | Noticed Blork the orc
  3336 | D:5      | Noticed Edmund
  3342 | D:5      | Killed Blork the orc
  3357 | D:5      | Killed Edmund
  3358 | D:5      | Reached skill level 7 in Short Blades
  3629 | D:6      | Noticed Duvessa
  3629 | D:6      | Noticed Dowan
  3649 | D:6      | Killed Duvessa
  3651 | D:6      | Killed Dowan
  3883 | D:6      | Reached skill level 8 in Short Blades
  3893 | D:6      | Noticed a hornet
  3902 | D:6      | Killed a hornet
  3903 | D:6      | Reached XP level 9. HP: 41/49 MP: 8/10
  4024 | D:6      | Noticed Menkaure
  4031 | D:6      | Killed Menkaure
  4161 | D:6      | Found a sparkling altar of Nemelex Xobeh.
  4401 | D:6      | Slain by an acid dragon

Illustrated notes

Levels and vault maps discovered:
D:1:      ldierk_walled_garden_2, layout_loops_cross,
          hangedman_abyss_or_decor_lesser_grid, st_stairs_9
D:2:      layout_rooms, chequers_serial_rivers_micro_a, serial_bayou_pond_c
D:3:      layout_basic, mainiacjoe_overflow_boulevard,
          nicolae_ecumenical_snake_handling, uniq_terence
D:4:      layout_loops_ring, minmay_hedge_maze, chequers_serial_rivers_large_b,
          minivault_5
D:5:      layout_basic, minmay_temple_entry_large_hall,
          minmay_misc_feat_enclosed, due_unseen_surprise, uniq_blork_the_orc,
          uniq_edmund, uniq_pikel
D:6:      layout_loops_corners, nemelex_spade_bored_becter, uniq_duvessa,
          uniq_menkaure
Temple:   eino_narrow_crystal_temple

Skill      XL: |  1  2  3  4  5  6  7  8 |
---------------+-------------------------+-----
Short Blades   | 2 3 4 6 8 |  8.7
Shields        | 3 4 |  4.0
Fighting       | 3 5 6 |  6.7
Armour         | |  2.4

Action                     |  1- 3 |  4- 6 |  7- 9 || total
---------------------------+-------+-------+-------++-------
  Melee: Rapier            |    35 |       |       ||    35
         Bite              |    28 |    44 |    72 ||   144
         Dagger            |    76 |   144 |   161 ||   381
    Use: Scroll            |       |       |     6 ||     6
 Armour: Scale mail        |    67 |    79 |    36 ||   182
         Chain mail        |       |       |    53 ||    53
  Dodge: Dodged            |    54 |    33 |    36 ||   123
  Block: Buckler           |    25 |    24 |    23 ||    72
